 Dungeon Sprint DCSS version 0.29-a0-1006-g0dd7720b37 (webtiles) character file.

Game seed: 14859752037870095712

19480 Hubris850 the Champion of Chaos (level 12, -10/100 HPs)
             Began as a Demonspawn Ice Elementalist on Aug 6, 2022.
             Was the Champion of Makhleb.
             Mangled by a nagaraja
             ... wielding a +0 halberd
              (17 damage)
             ... in the Dungeon (Sprint VII: "The Pits").
             The game lasted 00:16:36 (2230 turns).

Hubris850 the Champion of Chaos (DsIE)              Turns: 2230, Time: 00:16:38

Health: -10/100    AC: 25    Str: 12    XL:     12   Next: 36%
Magic:  25/29      EV: 17    Int: 16    God:    Makhleb [******]
Gold:   16         SH:  0    Dex: 19    Spells: 19/26 levels left

rFire   . . .      SeeInvis .   G - +4 great sword (elec)
rCold   . . .      Faith    .   (shield currently unavailable)
rNeg    . . .      Spirit   .   u - +5 ring mail
rPois   .          Reflect  .   (helmet restricted)
rElec   .          Harm     .   t - +0 cloak
rCorr   .          Rampage  .   (no gloves)
Will    .....      NoTele   +   v - +0 pair of boots
Stlth   ++........              (no amulet)
HPRegen 0.26/turn               n - +3 ring of strength
MPRegen 0.21/turn               o - +3 ring of protection

@: mighty, agile, lethally poisoned (-10 -> -15), ice-armoured, freezing walls
A: antennae 2, icy blue scales 2, powered by pain 3
a: Renounce Religion, Minor Destruction, Lesser Servant of Makhleb, Major
Destruction, Greater Servant of Makhleb


You were in the Dungeon.
You worshipped Makhleb.
Makhleb was exalted by your worship.
You visited 1 branch You collected 16 gold pieces.

Inventory:

Hand Weapons
 h - a +2 falchion
 l - a +0 long sword of flaming
 s - a +2 vorpal scimitar
 G - a +4 great sword of electrocution (weapon)
 H - a +3 sling of freezing
Armour
 a - a +0 robe
 m - a +3 ring mail of poison resistance
 t - a +0 cloak (worn)
 u - a +5 ring mail (worn)
 v - a +0 pair of boots (worn)
Jewellery
 n - a +3 ring of strength (left hand)
 o - a +3 ring of protection (right hand)
 y - a ring of see invisible
 A - a ring of poison resistance
 F - the amulet of Honesty {Reflect rPois rC+ SH+5}
   (You found it in the Dungeon)

   [amulet of reflection]

   It reflects blocked missile attacks.
   rC:        It protects you from cold.
   rPois:     It protects you from poison.
   SH:        It affects your SH (+5).
Wands
 w - a wand of digging (7)
Scrolls
 g - a scroll of blinking
 j - 5 scrolls of amnesia
 k - a scroll of summoning
 x - a scroll of enchant armour
 z - a scroll of magic mapping
 B - 3 scrolls of identify
 C - 8 scrolls of enchant weapon
 D - 2 scrolls of fog
 E - a scroll of fear
Potions
 b - 6 potions of magic
 c - 11 potions of curing
 d - 4 potions of heal wounds
 e - 2 potions of haste
 f - 3 potions of berserk rage
 i - 2 potions of invisibility
 p - 2 potions of resistance
 q - a potion of might
 r - 2 potions of brilliance


   Skills:
 - Level 11.4 Fighting
 + Level 14.1 Long Blades
 - Level 10.1 Armour
 - Level 3.3 Dodging
 - Level 1.8 Stealth
 - Level 7.5 Spellcasting
 - Level 8.2 Ice Magic
 - Level 26.3 Invocations


You had 19 spell levels left.
You knew the following spells:

 Your Spells              Type           Power      Damage    Failure   Level
a - Freeze                Ice            100%       1d11      1%          1
b - Frozen Ramparts       Ice            64%        1d10      2%          3
c - Ozocubu's Armour      Ice            32%        N/A       2%          3

Your spell library contained the following spells:

 Spells                   Type           Power      Damage    Failure   Level
 Sublimation of Blood     Necr           6%         N/A       34%         2
 Hailstorm                Conj/Ice       19%        3d6       38%         4
 Petrify                  Tmut/Erth      6%         N/A       92%         4
 Irradiate                Conj/Tmut      3%         3d12      99%         5


Dungeon Overview and Level Annotations

Branches:
Dungeon (1/1)

Altars:
Ashenzari
Cheibriados
Dithmenos
Fedhas
Gozag
Hepliaklqana
Kikubaaqudgha
Makhleb
Nemelex Xobeh
Okawaru
Qazlal
Ru
Sif Muna
Trog
Uskayaw
Vehumet
Wu Jian
Xom
Yredelemnul
Jiyva
Lugonu


Innate Abilities, Weirdness & Mutations

You have a pair of antennae on your head.
You are mostly covered in icy blue scales. (AC +3)
You are powered by pain.


Message History

The red draconian is engulfed in freezing vapours.
The red draconian seems to slow down.
The rakshasa is engulfed in freezing vapours.
The wall freezes the rakshasa.
The rakshasa blinks!
Your blizzard demon is engulfed in freezing vapours.
A demon appears!
You are engulfed in freezing vapours.
You focus on the pain.
You feel very mighty all of a sudden.
You feel sick.
The nagaraja is engulfed in freezing vapours.
The wall freezes the nagaraja.
The nagaraja spits poison at you.
The splash of poison hits your blizzard demon but does no damage.
The green ugly thing is engulfed in freezing vapours.
The wall freezes the green ugly thing!
The green ugly thing trunk-slaps your blizzard demon.
Your blizzard demon looks as sick as possible!
The green ugly thing poisons your blizzard demon!
Something unseen breaks down the door.
Your blizzard demon is engulfed in freezing vapours.
Your blizzard demon hits the green ugly thing!
Your blizzard demon closely misses the green ugly thing.
You are engulfed in freezing vapours.
* * * LOW HITPOINT WARNING * * *
You focus on the pain.
You feel agile all of a sudden.
You feel sick.
The nagaraja is engulfed in freezing vapours.
The wall freezes the nagaraja but does no damage.
The nagaraja hits you from afar with a +0 halberd!!
* * * LOW HITPOINT WARNING * * *
You focus on the pain.
You feel more agile all of a sudden.
The green ugly thing is engulfed in freezing vapours.
The wall freezes the green ugly thing.
The green ugly thing trunk-slaps your blizzard demon!
The red draconian seems to slow down.
The nagaraja is engulfed in freezing vapours.
The wall freezes the nagaraja.
The nagaraja hits you from afar with a +0 halberd!
You die...

##############..#....#..#
....).......''..........#
............''..........#
#####)####..##..#....#..#
.#.#.#÷#.#..##..........+
#.#)#.#÷##..##..........+
}#)#.#.#[#..####'2####++#
#.#.#.#.##..####°'###
.#.#.#.#.#..##..@○..#
##########..##☼#2##.#
.......... #.#uN .#
.......... # ☼dJ# #
#''####### {#}.+
#''###### R[|# ........#
##+# .#......# ........+


You could see a red draconian (slow), a nagaraja (fast, catching breath), a
green ugly thing (ally target), a rakshasa, a very large slime creature, a
friendly green death (summoned) and a friendly blizzard demon (summoned,
extremely poisoned).

Vanquished Creatures
  A deep troll (D)
  A lindwurm (D)
  An elephant (D)
  A guardian serpent (D)
  A rime drake (D)
  A kobold demonologist (D)
  2 yaks (D)
  A vampire (D)
  2 small abominations (D)
  A warg (D)
  2 floating eyes (D)
  A black bear (D)
  A kobold brigand (D)
  3 wights (D)
  2 killer bees (D)
  A crimson imp (D)
  An orc priest (D)
  Jessica (D)
  6 gnolls (D)
  A river rat (D)
  3 orcs (D)
  A bat zombie (D)
  An endoplasm (D)
  A giant cockroach (D)
  2 jackals (D)
  A kobold (D)
  A quokka zombie (D)
  A rat (D)
42 creatures vanquished.

Vanquished Creatures (collateral kills)
  A catoblepas (D)
  A vault guard (D)
  2 hydras (D)
  An ogre mage (D)
  2 two-headed ogres (D)
  A deep elf knight (D)
  Nergalle (D)
  A large abomination (D)
  A sea snake (D)
  A deep troll (D)
  A spriggan druid (D)
  A deep elf pyromancer (D)
  An orc sorcerer (D)
  A wolf spider (shapeshifter) (D)
  A cyclops (D)
  A manticore (D)
  4 elephants (D)
  An orange demon (D)
  An eye of devastation (D)
  2 hellwings (D)
  A komodo dragon (D)
  2 red devils (D)
  A troll (D)
  2 tarantellas (D)
  An air elemental (D)
  A jumping spider (D)
  A shadow (D)
  2 wraiths (D)
  A spriggan (D)
  A fire bat (D)
  A vampire (D)
  A ynoxinul (D)
  6 yaks (D)
  A basilisk (D)
  A fire elemental (D)
  A redback (D)
  An acid dragon (D)
  A centaur (D)
  A kobold brigand (D)
  A gnoll sergeant (D)
  A killer bee (D)
  A quasit (D)
  3 orc priests (D)
  An iron imp (D)
  A jelly (D)
  An orc wizard (D)
  2 gnolls (D)
  An adder (D)
  5 orcs (D)
  7 jackals (D)
77 creatures vanquished.

Grand Total: 119 creatures vanquished

Notes
Turn   | Place    | Note
-------+----------+-------------------------------------------
     0 | D        | Hubris850 the Demonspawn Ice Elementalist began the quest
                  | for the Orb.
     0 | D        | Reached XP level 1. HP: 13/13 MP: 3/3
    36 | D        | Found a basalt altar of Yredelemnul.
    36 | D        | Found a shimmering altar of Xom.
    36 | D        | Found an ornate altar of the Wu Jian Council.
    36 | D        | Found a bloodstained altar of Trog.
    36 | D        | Found a shimmering blue altar of Sif Muna.
    36 | D        | Found a sacrificial altar of Ru.
    36 | D        | Found a stormy altar of Qazlal.
    36 | D        | Found an iron altar of Okawaru.
    36 | D        | Found a sparkling altar of Nemelex Xobeh.
    36 | D        | Found a burning altar of Makhleb.
    36 | D        | Found a viscous altar of Jiyva.
    36 | D        | Found a hazy altar of Hepliaklqana.
    36 | D        | Found an opulent altar of Gozag.
    36 | D        | Found a blossoming altar of Fedhas.
    36 | D        | Found a shadowy altar of Dithmenos.
    36 | D        | Found a snail-covered altar of Cheibriados.
    37 | D        | Found a radiant altar of Vehumet.
    37 | D        | Found a corrupted altar of Lugonu.
    38 | D        | Found a hide-covered altar of Uskayaw.
    38 | D        | Found an ancient bone altar of Kikubaaqudgha.
    38 | D        | Found a broken altar of Ashenzari.
    44 | D        | Became a worshipper of Makhleb the Destroyer
   224 | D        | Noticed a floating eye
   229 | D        | Killed a floating eye
   229 | D        | Reached * piety under Makhleb
   230 | D        | Reached skill level 5 in Spellcasting
   230 | D        | Gained mutation: You have a pair of small antennae on your
                  | head. [demonic ancestry]
   230 | D        | Reached XP level 2. HP: 18/19 MP: 4/8
   230 | D        | Gained mutation: You are partially covered in icy blue
                  | scales. (AC +2) [demonic ancestry]
   230 | D        | Reached XP level 3. HP: 22/24 MP: 4/9
   230 | D        | Gained mutation: You sometimes gain a little power by
                  | taking damage. [demonic ancestry]
   230 | D        | Reached XP level 4. HP: 28/30 MP: 4/11
   235 | D        | Noticed a floating eye
   239 | D        | Paralysed by a floating eye for 2 turns
   242 | D        | Paralysed by a floating eye for 3 turns
   245 | D        | Killed a floating eye
   246 | D        | Reached skill level 5 in Long Blades
   246 | D        | Reached XP level 5. HP: 35/35 MP: 6/13
   250 | D        | Learned a level 3 spell: Frozen Ramparts
   254 | D        | Learned a level 3 spell: Ozocubu's Armour
   308 | D        | Reached ** piety under Makhleb
   311 | D        | Reached skill level 1 in Fighting
   355 | D        | Gained mutation: You are mostly covered in icy blue scales.
                  | (AC +3) [demonic ancestry]
   355 | D        | Reached XP level 6. HP: 44/46 MP: 8/15
   418 | D        | Reached *** piety under Makhleb
   421 | D        | Noticed Jessica
   424 | D        | Reached **** piety under Makhleb
   426 | D        | Reached skill level 1 in Armour
   430 | D        | Killed Jessica
   575 | D        | Reached ***** piety under Makhleb
   614 | D        | Noticed a kobold demonologist
   618 | D        | Noticed a sun demon
   621 | D        | Killed a kobold demonologist
   622 | D        | Reached skill level 9 in Invocations
   622 | D        | Gained mutation: You sometimes gain power by taking damage.
                  | [demonic ancestry]
   622 | D        | Reached XP level 7. HP: 35/51 MP: 12/18
   734 | D        | Reached skill level 10 in Invocations
   741 | D        | Reached skill level 11 in Invocations
   788 | D        | Noticed an elephant
   788 | D        | Noticed a small abomination
   795 | D        | Reached skill level 12 in Invocations
   795 | D        | Reached XP level 8. HP: 57/57 MP: 13/19
   808 | D        | Killed an elephant
   809 | D        | Reached skill level 14 in Invocations
   812 | D        | HP: 1/57 [small abomination (14)]
   816 | D        | Reached ****** piety under Makhleb
   817 | D        | Reached skill level 15 in Invocations
   969 | D        | Noticed a sea snake
   976 | D        | Reached skill level 5 in Armour
   977 | D        | Killed a sea snake
   978 | D        | Reached XP level 9. HP: 71/71 MP: 14/20
  1037 | D        | Noticed a hellwing
  1037 | D        | Noticed a deep troll
  1039 | D        | Killed a hellwing
  1040 | D        | Killed a deep troll
  1042 | D        | Noticed a lindwurm
  1045 | D        | Noticed a rime drake
  1057 | D        | Killed a rime drake
  1064 | D        | Killed a lindwurm
  1065 | D        | Reached skill level 10 in Long Blades
  1065 | D        | Gained mutation: You have a pair of antennae on your head.
                  | [demonic ancestry]
  1065 | D        | Reached XP level 10. HP: 32/83 MP: 15/21
  1291 | D        | Noticed an eye of devastation
  1292 | D        | Noticed a cyclops
  1295 | D        | Killed an eye of devastation
  1299 | D        | Killed a cyclops
  1316 | D        | Noticed a deep elf pyromancer
  1321 | D        | Killed a deep elf pyromancer
  1322 | D        | Reached skill level 10 in Fighting
  1363 | D        | HP: 4/86 [acid dragon/splash of acid (9)]
  1365 | D        | Reached skill level 10 in Armour
  1620 | D        | Noticed a two-headed ogre
  1620 | D        | Noticed a large abomination
  1627 | D        | Killed a two-headed ogre
  1646 | D        | Killed a large abomination
  1647 | D        | Reached XP level 11. HP: 81/92 MP: 22/22
  1647 | D        | Noticed an orc sorcerer
  1653 | D        | Noticed a spriggan druid
  1654 | D        | Reached skill level 16 in Invocations
  1654 | D        | Noticed a soul eater
  1657 | D        | Reached skill level 17 in Invocations
  1658 | D        | Killed an orc sorcerer
  1659 | D        | Noticed a seven-headed hydra
  1660 | D        | Killed a spriggan druid
  1661 | D        | Reached skill level 18 in Invocations
  1662 | D        | Reached skill level 19 in Invocations
  1664 | D        | Noticed an eight-headed hydra
  1664 | D        | Killed a seven-headed hydra
  1668 | D        | Killed an eight-headed hydra
  1669 | D        | Reached skill level 20 in Invocations
  1861 | D        | Noticed a catoblepas
  1867 | D        | Killed a catoblepas
  1868 | D        | Reached skill level 21 in Invocations
  1872 | D        | Reached skill level 22 in Invocations
  1876 | D        | Noticed a wolf spider
  1877 | D        | Noticed a vault guard
  1877 | D        | Noticed a two-headed ogre
  1877 | D        | Killed a wolf spider
  1880 | D        | Killed a two-headed ogre
  1881 | D        | Reached skill level 23 in Invocations
  1883 | D        | Killed an ogre mage
  1884 | D        | Reached skill level 24 in Invocations
  1884 | D        | Gained mutation: You are powered by pain. [demonic
                  | ancestry]
  1884 | D        | Reached XP level 12. HP: 37/99 MP: 17/28
  1891 | D        | Noticed Nergalle
  1894 | D        | Reached skill level 25 in Invocations
  1896 | D        | Killed a vault guard
  1897 | D        | Killed Nergalle
  1910 | D        | Reached skill level 26 in Invocations
  1931 | D        | Got the amulet of Honesty {Reflect rPois rC+ SH+5}
  2224 | D        | Noticed a rakshasa
  2224 | D        | Noticed a nagaraja
  2224 | D        | Noticed a red draconian
  2230 | D        | Mangled by a nagaraja

Illustrated notes

Levels and vault maps discovered:
D:        pitsprint [storerooms_1, entrance_room_1, metal_vault_4, armoury_1,
          mini_pit_1, grid_room_1, main_hall_1, silver_pit, the_coven_1,
          the_vestibule_1, steel_vault_2, golden_pit, hallway_of_sentries,
          crystal_vault_1, iron_vault_5, final_vault]

Skill      XL: |  1  2  3  4  5  6  7  8  9 10 11 12 |
---------------+-------------------------------------+-----
Ice Magic      | 6 7 8 |  8.2
Long Blades    | 4 5 6 8 10 13 14 | 14.1
Spellcasting   | 5 6 7 |  7.5
Dodging        | 3 |  3.3
Fighting       | 2 6 9 10 11 | 11.4
Armour         | 3 6 8 10 | 10.1
Invocations    | 9 12 15 24 26 | 26.3
Stealth        | |  1.8

Action                   |  1- 3 |  4- 6 |  7- 9 | 10-12 || total
-------------------------+-------+-------+-------+-------++-------
Melee: Falchion          |    13 |    15 |       |       ||    28
       Long sword        |       |    31 |    43 |     1 ||    75
       Punch             |       |     2 |     2 |       ||     4
       Scimitar          |       |       |    14 |    22 ||    36
       Great sword       |       |       |       |     4 ||     4
 Cast: Freeze            |     1 |       |       |       ||     1
       Frozen Ramparts   |       |     8 |     5 |     5 ||    18
       Ozocubu's Armour  |       |     4 |     5 |     4 ||    13
Invok: Minor Destruction |       |     1 |       |       ||     1
       Greater Servant o |       |       |     1 |    14 ||    15
  Use: Potion            |       |       |     4 |     6 ||    10
 Stab: Sleeping          |       |     1 |       |       ||     1
Armor: Robe              |       |     9 |       |       ||     9
       Ring mail         |       |    17 |    17 |    18 ||    52
Dodge: Dodged            |     5 |    27 |    28 |    33 ||    93

Table legend: (Time is in decaauts)
 A = Elapsed time spent in this place.
 B = Non-inter-level travel time spent in this place.
 C = Inter-level travel time spent in this place.
 D = Time resting spent in this place.
 E = Time spent auto-exploring this place.
 F = Levels seen in this place.
 G = Mean time per level.
                   A        B        C        D        E       F      G
               +--------+--------+--------+--------+--------+-----+--------+
         Total |   2248 |   2208 |     40 |   1205 |      0 |   1 | 2248.0 |
       Dungeon |   2248 |   2208 |     40 |   1205 |      0 |   1 | 2248.0 |
               +--------+--------+--------+--------+--------+-----+--------+

Top non-repeatable levels by time:
       D: 2248 daAuts
